 Dungeon Crawl Stone Soup version 0.17.1-3-g152610e (webtiles) character file.

271 Peloso the Covered (level 6, 0/53 HPs)
             Began as a Minotaur Fighter on Mar 6, 2016.
             Slain by a thrashing horror (3 damage)
             ... on level 1 of the Abyss.
             The game lasted 00:09:49 (2787 turns).

Peloso the Covered (Minotaur Fighter)               Turns: 2787, Time: 00:09:49

Health: 0/53       AC: 16    Str: 21      XL:     6   Next: 2%
Magic:  5/5        EV:  6    Int:  4 (5)  God:
Gold:   231        SH: 10    Dex: 11      Spells: 0 memorised, 5 levels left

rFire  . . .     SeeInvis .     a - +0 long sword
rCold  + . .     Clarity  +     o - +0 chain mail
rNeg   . . .     SustAt   .     c - +0 shield
rPois  .         Gourm    .     (helmet restricted)
rElec  .         Spirit   .     (no cloak)
rCorr  .         Warding  .     p - +0 pair of gloves
rMut   .         Stasis   .     (no boots)
MR     .....                    l - amulet of clarity
Stlth  ..........               f - +5 ring of protection
                                v - ring of protection from cold

@: non-regenerating, mildly diseased, not resistant to hostile enchantments,
extremely unstealthy
A: retaliatory headbutt, horns 2
a: no special abilities


You were on level 1 of the Abyss.
You were not hungry.

You visited 1 branch of the dungeon, and saw 4 of its levels.
You visited the Abyss 1 time.

You collected 231 gold pieces.

Inventory:

Hand Weapons
 a - a +0 long sword (weapon)
 y - a cursed -2 dagger
Armour
 b - a +0 scale mail
 c - a +0 shield (worn)
 o - a +0 chain mail (worn)
 p - a +0 pair of gloves (worn)
Jewellery
 f - a +5 ring of protection (right hand)
 l - an amulet of clarity (around neck)
 t - an uncursed ring of magical power
 v - a ring of protection from cold (left hand)
Scrolls
 g - a scroll of fear {unknown}
 i - 3 scrolls of identify {unknown}
 j - 2 scrolls of enchant armour {unknown}
 k - a scroll of enchant weapon {unknown}
 n - 4 scrolls of recharging {unknown}
 u - 2 scrolls of amnesia {unknown}
 x - 3 scrolls of remove curse {unknown}
 A - a scroll of blinking {unknown}
Potions
 d - 2 potions of might
 h - a potion of heal wounds {unknown}
 m - a potion of invisibility {unknown}
 q - a potion of flight {unknown}
 r - a potion of haste {unknown}
 s - 2 potions of curing {unknown}
 B - a potion of cancellation {unknown}
Comestibles
 e - 3 bread rations
 w - a meat ration
 z - a fruit


   Skills:
 + Level 4.7 Fighting
 + Level 4.2 Long Blades
 + Level 5.3 Armour
 + Level 1.2 Dodging
 + Level 5.0 Shields


You had 5 spell levels left.
You didn't know any spells.

Dungeon Overview and Level Annotations

Branches:
Dungeon (4/15)
 Temple: D:4-7

Altars:
Makhleb
Qazlal
Ru
Xom
Zin
The Shining One


Innate Abilities, Weirdness & Mutations

You reflexively headbutt those who attack you in melee.
You have a pair of horns on your head.


Message History

The thrashing horror tramples you but does no damage.
The thrashing horror roars!
The thrashing horror tramples you but does no damage. x2
The thrashing horror roars!
The thrashing horror closely misses you.
The thrashing horror tramples you but does no damage.
The thrashing horror roars!
The thrashing horror tramples you!
* * * LOW HITPOINT WARNING * * *
You hold your ground!
You block the thrashing horror's attack.
The thrashing horror tramples you but does no damage. x2
The thrashing horror roars!
The thrashing horror tramples you.
* * * LOW HITPOINT WARNING * * *
You stumble backwards!
The thrashing horror tramples you but does no damage. x2
The thrashing horror tramples you but does no damage.
The thrashing horror tramples you.
You die...

# # #..#. ##
≈.≈≈≈.###.#
≈≈≈≈≈..@X##
≈≈≈♣≈.###.##
≈≈≈. ###..#
≈≈.. #.#X#.###
≈.. #..##.. ≈≈
#.#..##.## ..
#. #
#..##.3.###.##
.#.
#.....3##...##
#.# # ######.#
...###.##


You could see a thrashing horror.

Vanquished Creatures
  Ijyb (D:3)
  An orc wizard (D:4)
  4 worker ants (D:4)
  3 adders
  A gnoll (D:1)
  2 oozes
  3 worms
  7 orcs
  8 bats
  2 giant cockroaches
  9 goblins
  4 hobgoblins
  A quokka (D:3)
  2 giant geckos (D:1)
  4 giant newts
  8 kobolds
  8 rats
68 creatures vanquished.

Notes
Turn   | Place    | Note
--------------------------------------------------------------
     0 | D:1      | Peloso the Minotaur Fighter began the quest for the Orb.
     0 | D:1      | Reached XP level 1. HP: 19/19 MP: 0/0
   141 | D:1      | Reached skill level 4 in Fighting
   141 | D:1      | Reached XP level 2. HP: 21/27 MP: 1/1
   695 | D:2      | Reached XP level 3. HP: 31/33 MP: 2/2
   743 | D:2      | Found a burning altar of Makhleb.
   826 | D:2      | Found a stormy altar of Qazlal.
   827 | D:2      | Noticed an earth elemental
   829 | D:2      | Noticed a water elemental
   829 | D:2      | Noticed an air elemental
   829 | D:2      | Noticed a fire elemental
   979 | D:2      | Found a sacrificial altar of Ru.
   979 | D:2      | Found a glowing golden altar of the Shining One.
  1202 | D:3      | Found a glowing golden altar of the Shining One.
  1222 | D:3      | Reached XP level 4. HP: 39/41 MP: 3/3
  1492 | D:3      | Noticed Ijyb
  1503 | D:3      | Killed Ijyb
  1503 | D:3      | Reached skill level 5 in Armour
  1965 | D:4      | Reached XP level 5. HP: 38/47 MP: 4/4
  2279 | D:4      | Reached skill level 1 in Dodging
  2279 | D:4      | Reached skill level 5 in Shields
  2403 | D:4      | Reached XP level 6. HP: 38/53 MP: 5/5
  2617 | D:4      | Noticed an angel
  2618 | D:4      | Found a glowing silver altar of Zin.
  2619 | D:4      | Found a shimmering altar of Xom.
  2622 | D:4      | Got a fine spear
  2623 | D:4      | Identified the +7 spear "Jefyzxoq" {distort, MR++ Dex+2} (You found it on level 4 of the Dungeon)
  2624 | D:4      | Cast into the Abyss (a distortion unwield)
  2753 | Abyss:1  | Noticed a thrashing horror
  2759 | Abyss:1  | Noticed an ancient zyme
  2761 | Abyss:1  | Found a corrupted altar of Lugonu.
  2768 | Abyss:1  | Noticed a smoke demon
  2776 | Abyss:1  | Noticed a large abomination
  2787 | Abyss:1  | Slain by a thrashing horror

Action                   |  1- 3 |  4- 6 || total
-------------------------+-------+-------++-------
Melee: Long sword        |    89 |   114 ||   203
  Eat: Chunk             |     1 |     5 ||     6
